 Dungeon Crawl Stone Soup version 0.21.1-1-g345015f (webtiles) character file.

61 Sharkov the Poker (level 4, 0/35 HPs)
             Began as a Merfolk Monk on Mar 30, 2018.
             Slain by a worm (4 damage)
             ... on level 2 of the Dungeon.
             The game lasted 00:04:10 (1657 turns).

Sharkov the Poker (Merfolk Monk)                    Turns: 1657, Time: 00:04:11

Health: 0/35       AC:  3    Str:  9 (12) XL:     4   Next: 7%
Magic:  4/4        EV: 14    Int:  7 (9)  God:
Gold:   45         SH:  0    Dex: 14 (16) Spells: 3/3 levels left

rFire    + . .     SeeInvis .   a - +0 spear
rCold    x . .     Gourm    .   (no shield)
rNeg     . . .     Faith    .   b - +0 robe
rPois    .         Spirit   .   (no helmet)
rElec    .         Reflect  .   (no cloak)
rCorr    .         Harm     .   k - +0 pair of gloves
MR       .....     Clarity  +   (no boots)
Stlth    ++........             (no amulet)
HPRegen  0.11/turn              i - ring of fire
MPRegen  0.09/turn              (no ring)

@: flying
A: change form in water, swift swim, stealthy swim, clarity, wild magic 1,
evolution 1
a: no special abilities


You were on level 2 of the Dungeon.
You were not hungry.

You visited 1 branch of the dungeon, and saw 2 of its levels.

You collected 45 gold pieces.

Inventory:

Hand Weapons
 a - a +0 spear (weapon)
Missiles
 e - 4 tomahawks (quivered)
 n - 25 stones
Armour
 b - a +0 robe (worn)
 k - a +0 pair of gloves (worn)
Jewellery
 i - a ring of fire (left hand)
Scrolls
 d - 3 scrolls of magic mapping
 g - a scroll of remove curse
 h - a scroll of teleportation {unknown}
 j - a scroll of enchant weapon {unknown}
 p - a scroll of identify {unknown}
Comestibles
 c - 5 rations
 f - 2 chunks of flesh


   Skills:
 * Level 3.3 Fighting
 - Level 6.9 Polearms
 * Level 4.1 Dodging
 - Level 2.2 Stealth


You had 3 spell levels left.
You didn't know any spells.

Dungeon Overview and Level Annotations

Branches:
Dungeon (2/15)

Altars:
Trog


Innate Abilities, Weirdness & Mutations

You revert to your normal form in water.
You are very nimble and swift while swimming.
You are very stealthy in the water. (Stealth+)
You possess an exceptional clarity of mind.
Your spells are a little harder to cast, but a little more powerful.
You evolve.


Message History

You hit the worm.
The worm is severely wounded.
The worm barely misses you.
You hit the worm but do no damage.
The worm is severely wounded.
You hit the worm.
The worm is severely wounded.
The worm misses you.
You hit the worm.
The worm is severely wounded.
You hit the worm but do no damage.
The worm is severely wounded.
The worm bites you!
* * * LOW HITPOINT WARNING * * *
You hit the worm but do no damage.
The worm is severely wounded.
You hit the worm.
The worm is almost dead.
The worm bites you.
You die...

._.. .#... ....
..>.....### ..###..#
......# ##.#....#
......# ........
##..#..# ...... #..#..#
....## #..#.#
.....#####....####
#...............@#
##.....####.####w#
.#...### #.##..lg.....#
.)÷....# #.##.......g.#
..<.##...#..##.........#
÷......................#
..#...##.#.###.........#
......# ... #.........#
.#...... ###########


You could see a worm, a hobgoblin and a frilled lizard.

Vanquished Creatures
  2 adders (D:1)
  An ooze (D:1)
  2 dart slugs (D:1)
  A leopard gecko (D:1)
  6 goblins
  3 hobgoblins (D:1)
  A jackal (D:1)
  3 ball pythons
  3 bats (D:1)
  2 frilled lizards (D:1)
  5 kobolds
  7 rats
36 creatures vanquished.

Notes
Turn   | Place    | Note
-------+----------+-------------------------------------------
     0 | D:1      | Sharkov the Merfolk Monk began the quest for the Orb.
     0 | D:1      | Reached XP level 1. HP: 18/18 MP: 1/1
   232 | D:1      | Reached skill level 5 in Polearms
   232 | D:1      | Reached XP level 2. HP: 22/24 MP: 2/2
   770 | D:1      | Reached XP level 3. HP: 29/29 MP: 3/3
   864 | D:1      | Reached skill level 6 in Polearms
  1284 | D:1      | Reached XP level 4. HP: 10/35 MP: 4/4
  1567 | D:2      | Found a bloodstained altar of Trog.
  1650 | D:2      | Gained mutation: You possess an exceptional clarity of mind. [potion of mutation]
  1650 | D:2      | Gained mutation: Your spells are a little harder to cast, but a little more powerful. [potion of mutation]
  1650 | D:2      | Gained mutation: You evolve. [potion of mutation]
  1657 | D:2      | Slain by a worm

Skill      XL: |  1  2  3 |
---------------+----------+-----
Polearms       | 5 6 |  6.9
Fighting       | |  3.3
Dodging        | |  4.1
Stealth        | |  2.2

Action                   |  1- 3 |  4- 6 || total
-------------------------+-------+-------++-------
Melee: Spear             |   120 |    26 ||   146
Throw: Tomahawk          |     9 |       ||     9
  Use: Scroll            |     2 |       ||     2
       Potion            |     1 |     4 ||     5
 Stab: Sleeping          |     3 |       ||     3
  Eat: Chunk             |     1 |     1 ||     2
Armor: Robe              |    22 |     1 ||    23
Dodge: Dodged            |    71 |    16 ||    87
